 Dungeon Crawl Stone Soup version 0.26.0-10-g1f06aea511 (webtiles) character file.

Game seed: 16380751512428865202

83 Dracia the Grave Robber (level 4, -6/36 HPs)
             Began as a Deep Dwarf Necromancer on Jan 24, 2021.
             Mangled by a worm (8 damage)
             ... on level 2 of the Dungeon.
             The game lasted 00:08:35 (2247 turns).

Dracia the Grave Robber (Deep Dwarf Necromancer)    Turns: 2247, Time: 00:08:35

Health: -6/36      AC:  2    Str: 11    XL:     4   Next: 22%
Magic:  6/6        EV: 12    Int: 17    God:
Gold:   113        SH:  0    Dex: 13    Spells: 1/6 levels left

rFire    . . .     SeeInvis .   b - +0 dagger
rCold    . . .     Faith    .   (no shield)
rNeg     . . .     Spirit   .   a - +0 robe
rPois    .         Reflect  .   (no helmet)
rElec    .         Harm     .   (no cloak)
rCorr    .         Rampage  .   (no gloves)
Will     +....                  (no boots)
Stlth    ++........             (no amulet)
HPRegen  0.00/turn              g - ring of willpower
MPRegen  0.10/turn              (no ring)

@: non-regenerating
A: damage resistance, heal wounds, sense surroundings 1, no regeneration
a: Heal Wounds


You were on level 2 of the Dungeon.
You visited 1 branch of the dungeon, and saw 2 of its levels.

You collected 113 gold pieces.


Innate Abilities, Weirdness & Mutations

You are resistant to damage.
You can heal yourself by infusing magical energy.
You passively map a small area around you.
You do not regenerate.


   Skills:
 - Level 2.1 Dodging
 - Level 2.4 Stealth
 - Level 1.7 Spellcasting
 + Level 6.3 Necromancy


You had one spell level left.
You knew the following spells:

 Your Spells              Type           Power        Failure   Level
s - Animate Skeleton      Necr           46%          1%          1
v - Vampiric Draining     Necr           11%          4%          3
z - Pain                  Necr           92%          1%          1

Your spell library contained the following spells:

 Spells                   Type           Power        Failure   Level
 Animate Dead             Necr           11%          14%         4
 Agony                    Necr           23%          38%         5

Inventory:

Hand Weapons
 b - a +0 dagger (weapon)
Missiles
 h - 8 curare-tipped darts {=f=f}
Armour
 a - a +0 robe (worn)
Jewellery
 g - a ring of willpower (left hand)
Scrolls
 c - 2 scrolls of identify {unknown}
 f - 2 scrolls of magic mapping {unknown}
 i - a scroll of blinking {unknown}
Potions
 d - a potion of brilliance {unknown}
 e - a potion of invisibility

Dungeon Overview and Level Annotations

Branches:
Dungeon (2/15)

Altars:
Elyvilon
Fedhas

............####.###.#
#.##.#.#..#..........#
...........#####.#####
#.##.###.#.# #.......#
#.#..<.....# #.#.###.#
.#...##.### #.#.# #.#
#.#...##.# #†#.# #.#
#........#####.#w# #.#
###...#.....##.#@###.#
.....,#.....##.#.....#
#### ,+.....##.#######
* #.....##.##
#####.##..##
*.####..##...#
,.............# *
#.####.......# ...
..####.###w..#


You could see a worm.


Message History

Unknown command.
The jackal misses you.
The jackal bites you but does no damage.
The jackal bites you.
* * * LOW HITPOINT WARNING * * *
Hit: b) +0 dagger
Press: ? - help, Dir - move target, f/p - jackal
Aim: a jackal (heavily wounded)
You hit the jackal but do no damage.
The jackal is heavily wounded.
The jackal bites you but does no damage.
The jackal barely misses you. The jackal completely misses you.
Hit: b) +0 dagger
Press: ? - help, Dir - move target, f/p - jackal
Aim: a jackal (heavily wounded)
You hit the jackal.
You kill the jackal!
Unknown command.
A worm is nearby!
You are too injured to fight recklessly!
You are too injured to fight recklessly!
Unknown command.
Hit: b) +0 dagger
Press: ? - help, Dir - move target, f - worm
Aim: a worm You hit the worm.
The worm is lightly wounded.
The worm bites you!
You die...

Skill      XL: |  1  2  3 |
---------------+----------+-----
Necromancy     | 5 6 |  6.3
Dodging        | |  2.1
Stealth        | |  2.4
Spellcasting   | |  1.7

Action                   |  1- 3 |  4- 6 || total
-------------------------+-------+-------++-------
Melee: Unarmed           |    46 |       ||    46
       Dagger            |   109 |    41 ||   150
 Cast: Pain              |    37 |       ||    37
       Animate Skeleton  |     1 |       ||     1
       Vampiric Draining |     8 |     4 ||    12
 Abil: Heal Wounds       |     1 |       ||     1
 Stab: Sleeping          |     6 |       ||     6
Armor: Robe              |    48 |     9 ||    57
Dodge: Dodged            |   129 |    37 ||   166

Levels and vault maps discovered:
D:1:      wander_arrival_peaceful_grave, layout_loops_ring,
          nrook_mini_backslash, minmay_pentomino_t2
D:2:      layout_basic, nicolae_overflow_crystal_walls, elyvilon_altar_4

Notes
Turn   | Place    | Note
-------+----------+-------------------------------------------
     0 | D:1      | Dracia the Deep Dwarf Necromancer began the quest for the
                  | Orb.
     0 | D:1      | Reached XP level 1. HP: 15/15 MP: 3/3
   183 | D:1      | Reached XP level 2. HP: 14/22 MP: 0/4
   254 | D:1      | Reached skill level 5 in Necromancy
   328 | D:1      | Learned a level 1 spell: Animate Skeleton
   889 | D:1      | Reached XP level 3. HP: 8/28 MP: 3/5
   893 | D:1      | Learned a level 3 spell: Vampiric Draining
  1526 | D:2      | Found a white marble altar of Elyvilon.
  1669 | D:2      | Reached skill level 6 in Necromancy
  2018 | D:2      | Reached XP level 4. HP: 28/36 MP: 2/6
  2082 | D:2      | Found a blossoming altar of Fedhas.
  2194 | D:2      | HP: 3/36 [jackal (1)]
  2213 | D:2      | HP: 2/36 [jackal (1)]
  2247 | D:2      | Mangled by a worm

Vanquished Creatures
  3 adders (D:2)
  A worm (D:2)
  A leopard gecko (D:2)
  9 bats
  3 giant cockroaches
  3 goblins (D:1)
  4 hobgoblins
  11 jackals
  3 frilled lizards
  5 kobolds
  6 rats
49 creatures vanquished.

Table legend: (Time is in decaauts)
 A = Elapsed time spent in this place.
 B = Non-inter-level travel time spent in this place.
 C = Inter-level travel time spent in this place.
 D = Time resting spent in this place.
 E = Time spent auto-exploring this place.
 F = Levels seen in this place.
 G = Mean time per level.
                   A        B        C        D        E       F      G
               +--------+--------+--------+--------+--------+-----+--------+
         Total |   2247 |   2224 |     23 |    463 |   1272 |   2 | 1123.5 |
       Dungeon |   2247 |   2224 |     23 |    463 |   1272 |   2 | 1123.5 |
               +--------+--------+--------+--------+--------+-----+--------+

Top non-repeatable levels by time:
     D:1: 1480 daAuts
     D:2: 766 daAuts

Table legend:
 A = Non-vault XP
 B = Vault XP
 C = Vault XP percentage of total XP
 D = Non-vault monster count
 E = Vault monster count
 F = Vault count percentage of total count
                 A         B        C        D         E       F
            +---------+---------+-------+---------+---------+-------
      Total |     117 |       2 |   1.7 |      48 |       1 |   2.0
            +---------+---------+-------+---------+---------+-------
        D:1 |      42 |       2 |   4.5 |      25 |       1 |   3.8
        D:2 |      75 |       0 |   0.0 |      23 |       0 |   0.0
            +---------+---------+-------+---------+---------+-------
